 Dungeon Crawl Stone Soup version 0.22-a0-348-gd16d139 (webtiles) character file.

889 BaronVonScrub the Chopper (level 8, 0/36 HPs)
             Began as a Vine Stalker Berserker on Apr 10, 2018.
             Was a Priest of Trog.
             Slain by Prince Ribbit (12 damage)
             ... on level 5 of the Dungeon.
             The game lasted 00:20:34 (4397 turns).

BaronVonScrub the Chopper (Vine Stalker Berserker)  Turns: 4397, Time: 00:20:35

Health: 0/36       AC:  6    Str: 21    XL:     8   Next: 6%
Magic:  0/12       EV: 12    Int:  8    God:    Trog [***...]
Gold:   206        SH:  0    Dex: 14    Spells: 11/11 levels left

rFire    x . .     SeeInvis .   d - +3 dagger (flame)
rCold    + . .     Gourm    .   (no shield)
rNeg     . . .     Faith    .   m - +1 robe {MR+}
rPois    .         Spirit   +   (helmet restricted)
rElec    .         Reflect  .   (no cloak)
rCorr    +         Harm     .   (no gloves)
MR       ++...                  o - +0 pair of boots
Stlth    ++........             f - amulet of magic regeneration
HPRegen  0.52/turn              i - ring of ice
MPRegen  0.38/turn              j - ring of resist corrosion

@: no status effects
A: fangs 3, horns 1, icy blue scales 1, frail 1, regeneration 1, wild magic 1,
magic shield, antimagic bite, no potion heal 3, rot immunity
a: Berserk, Trog's Hand, Renounce Religion


You were on level 5 of the Dungeon.
You worshipped Trog.
Trog was most pleased with you.
You were not hungry.

You visited 1 branch of the dungeon, and saw 5 of its levels.
You also visited: Ossuary.

You collected 206 gold pieces.

Inventory:

Hand Weapons
 a - a +0 hand axe
 d - a +3 dagger of flaming (weapon)
 e - a +1 short sword of flaming
Armour
 b - a +0 animal skin
 g - a +0 helmet
 m - a +1 robe of magic resistance (worn)
 n - a +0 robe
 o - a +0 pair of boots (worn)
 x - a +0 robe
Jewellery
 f - an amulet of magic regeneration (around neck)
 i - a ring of ice (left hand)
 j - a ring of resist corrosion (right hand)
Scrolls
 h - a scroll of magic mapping
 k - 5 scrolls of identify
 p - a scroll of enchant armour
 q - 2 scrolls of remove curse
Potions
 l - 3 potions of curing
 r - 2 potions of brilliance
 s - 3 potions of resistance
 t - a potion of magic
 u - a potion of lignification
Comestibles
 c - 6 rations
 v - 3 chunks of flesh


   Skills:
 - Level 3.0 Fighting
 * Level 3.0 Short Blades
 - Level 7.2 Axes
 - Level 1.5 Armour
 - Level 1.5 Dodging
 * Level 2.2 Stealth
 + Level 2.0 Spellcasting


You had 11 spell levels left.
You didn't know any spells.

Dungeon Overview and Level Annotations

Branches:
Dungeon (5/15)
 Temple: D:4-7

Altars:
Cheibriados
Hepliaklqana
Okawaru

Annotations:
D:5 Prince Ribbit


Innate Abilities, Weirdness & Mutations

You have razor-sharp teeth.
Your natural rate of healing is unusually fast.
When hurt, damage is shared between your health and your magic reserves.
Your bite disrupts and absorbs the magic of your enemies.
Potions cannot restore your health.
You are immune to rotting.
You have a pair of small horns on your head.
You are partially covered in icy blue scales. (AC +2)
You are frail. (-10% HP)
Your spells are a little harder to cast, but a little more powerful.


Message History

An orc comes into view. It is wielding a mace.
The orc shouts!
You hear a loud, deep croak!
You hear an angry hiss.
You barely miss the orc. You bite the orc. You drain its power.
The orc is heavily wounded.
The orc barely misses you. Prince Ribbit hits you.
A shadow imp and Prince Ribbit come into view.
You barely miss the orc. Your bite misses the orc.
The orc is heavily wounded.
Prince Ribbit hits you! The orc hits you with a mace.
You hit the orc. You burn the orc.
You kill the orc!
Trog accepts your kill. Prince Ribbit closely misses you.
Prince Ribbit hits you!
Things that are here:
a mace; an orc corpse Prince Ribbit hits you.
The shadow imp grins evilly.
Prince Ribbit hits you!
You die...

....#.#(#.#.# .......
#.......#.#.# .......
............# #......
##..#...#.######.#####
##..#............######
....#..................
###.#.#########.#.5.##
........# #.#.#.#
###.#.#.# #.@)# #
#.#.#.# ###F..# #
#.#.#.# ....# # #.#.#.#
.##.## #
#.#.#.#######.# ..
###...#.........# #.#
#.......######### ..
'.(............#####..
#......)..............


You could see Prince Ribbit and a shadow imp.

Vanquished Creatures
  Grinder (D:5)
  A sky beast (D:4)
  A water moccasin zombie (Ossuary)
  A hound (D:4)
  An orc priest (D:4)
  3 orc wizards
  Jessica (D:2)
  An iguana (D:5)
  2 worker ants
  2 big kobold zombies (Ossuary)
  2 mummies (Ossuary)
  A howler monkey skeleton (D:4)
  5 adders
  2 gnolls (D:2)
  An ooze (D:3)
  3 adder zombies (Ossuary)
  3 dart slugs
  4 leopard geckos
  15 orcs
  3 giant cockroaches
  4 goblins
  12 hobgoblins
  16 kobolds
  5 quokkas
  16 bats
  7 frilled lizards
  5 gnoll zombies (Ossuary)
  3 hobgoblin zombies (Ossuary)
  6 kobold zombies (Ossuary)
  A leopard gecko skeleton (D:4)
  6 orc zombies (Ossuary)
  14 rats
148 creatures vanquished.

Notes
Turn   | Place    | Note
-------+----------+-------------------------------------------
     0 | D:1      | BaronVonScrub the Vine Stalker Berserker began the quest for the Orb.
     0 | D:1      | Reached XP level 1. HP: 11/11 MP: 2/2
    87 | D:1      | Reached XP level 2. HP: 11/16 MP: 3/3
   436 | D:1      | Reached skill level 1 in Spellcasting
   634 | D:1      | Reached XP level 3. HP: 19/20 MP: 4/6
   898 | D:1      | Reached skill level 1 in Short Blades
  1775 | D:2      | Found a snail-covered altar of Cheibriados.
  1779 | D:2      | Noticed Jessica
  1967 | D:2      | Reached skill level 3 in Axes
  1967 | D:2      | Gained mutation: Your natural rate of healing is unusually fast. [Vine Stalker growth]
  1967 | D:2      | Reached XP level 4. HP: 13/24 MP: 5/8
  2024 | D:2      | Reached ** piety under Trog
  2273 | D:2      | Found an iron altar of Okawaru.
  2276 | D:2      | Reached skill level 4 in Axes
  2276 | D:2      | Reached XP level 5. HP: 28/28 MP: 7/9
  2446 | D:2      | Killed Jessica
  3106 | D:4      | Reached skill level 5 in Axes
  3106 | D:4      | Reached XP level 6. HP: 32/32 MP: 10/10
  3139 | D:4      | Reached *** piety under Trog
  3323 | D:4      | Found a hazy altar of Hepliaklqana.
  3599 | D:5      | Entered Level 5 of the Dungeon
  3599 | D:5      | Found a sand-covered staircase.
  3599 | D:5      | Noticed a sky beast
  3663 | D:4      | Killed a sky beast
  3663 | D:4      | Reached skill level 6 in Axes
  3663 | D:4      | Reached XP level 7. HP: 3/36 MP: 2/11
  3803 | D:4      | Gained mutation: You are frail. (-10% HP) [potion of mutation]
  3803 | D:4      | Gained mutation: You are partially covered in icy blue scales. (AC +2) [potion of mutation]
  3803 | D:4      | Gained mutation: Your spells are a little harder to cast, but a little more powerful. [potion of mutation]
  3803 | D:4      | Gained mutation: You have a pair of small horns on your head. [potion of mutation]
  3880 | Ossuary  | Entered an ossuary
  4120 | Ossuary  | Reached skill level 7 in Axes
  4325 | D:5      | Noticed Grinder
  4352 | D:5      | Killed Grinder
  4352 | D:5      | Gained mutation: You have razor-sharp teeth. [Vine Stalker growth]
  4352 | D:5      | Reached XP level 8. HP: 36/36 MP: 12/12
  4394 | D:5      | Noticed Prince Ribbit
  4397 | D:5      | Slain by Prince Ribbit

Vault maps used:
D:1:      onia_arrival_larder, minivault_27
D:2:      cheibriados_altar_1, serial_glass, glass_columns_c, glass_columns_b,
          okawaru_altar_gauntlet_db, uniq_jessica
D:4:      kennysheep_little_box, nicolae_underground_beach
D:5:      enter_ossuary_3, first_ration, uniq_prince_ribbit1,
          uniq_blork_the_orc, uniq_grinder
Ossuary:  ossuary_tomb_2

Skill      XL: |  1  2  3  4  5  6  7 |
---------------+----------------------+-----
Fighting       | 3 |  3.0
Spellcasting   | 1 2 |  2.0
Short Blades   | 1 3 |  3.0
Axes           | 3 4 5 6 7 |  7.2
Stealth        | 2 |  2.2
Armour         | |  1.5
Dodging        | |  1.5

Action                   |  1- 3 |  4- 6 |  7- 9 || total
-------------------------+-------+-------+-------++-------
Melee: Hand axe          |    15 |       |       ||    15
       Bite              |    22 |    48 |    33 ||   103
       Dagger            |    89 |   163 |    94 ||   346
       Headbutt          |       |       |    18 ||    18
Invok: Berserk           |     1 |     5 |     2 ||     8
       Trog's Hand       |       |     6 |     4 ||    10
  Use: Scroll            |     1 |     3 |     5 ||     9
       Potion            |       |     2 |     9 ||    11
 Stab: Sleeping          |     2 |     3 |       ||     5
  Eat: Chunk             |     4 |     8 |     3 ||    15
       Ration            |       |     1 |     1 ||     2
Armor: Animal skin       |    26 |     7 |       ||    33
       Robe              |       |    29 |    10 ||    39
Dodge: Dodged            |    67 |   116 |    41 ||   224

Table legend:
 A = Spawn XP
 B = Non-spawn XP
 C = Spawn XP percentage of total XP
 D = Spawn monster count
 E = Non-spawn monster count
 F = Spawn count percentage of total count
 G = Total turns spent on level
                    A         B        C        D         E        F      G
               +---------+---------+-------+---------+---------+-------+---------
         Total |       0 |    1270 |   0.0 |       0 |     148 |   0.0 |  4397
               +---------+---------+-------+---------+---------+-------+---------
           D:1 |       0 |      54 |   0.0 |       0 |      35 |   0.0 |  1514
           D:2 |       0 |     170 |   0.0 |       0 |      35 |   0.0 |  1034
           D:3 |       0 |      84 |   0.0 |       0 |      24 |   0.0 |   530
           D:4 |       0 |     384 |   0.0 |       0 |      17 |   0.0 |   773
           D:5 |       0 |     363 |   0.0 |       0 |       9 |   0.0 |   197
       Ossuary |       0 |     215 |   0.0 |       0 |      28 |   0.0 |   349
               +---------+---------+-------+---------+---------+-------+---------
